 Dungeon Crawl Stone Soup version bcrawl-1.41.1 (webtiles) character file.

Game seed: 10116694377511866504

177715 rumpelstilzz the Stinger (level 3, -2/21 HPs)
             Began as an Octopode Venom Mage on Apr 20, 2024.
             Blown up by Sigmund (9 damage)
             ... with a wand of disintegration (17)
             ... on level 2 of the Dungeon.
             The game lasted 00:01:56 (646 turns).

rumpelstilzz the Stinger (Octopode Venom Mage)       Turns: 646, Time: 00:01:57

Health: -2/21      AC:  1    Str:  8    XL:     3   Next: 87%
Magic:  2/6        EV: 13    Int: 17    God:
Gold:   226        SH:  0    Dex: 12    Spells: 6/7 levels left

rFire    . . .     GDR:     24% i - +0 dagger
rCold    . . .     SeeInvis .   (no shield)
rNeg     . . .     Gourm    .   (helmet restricted)
rPois    .         Faith    .   (cloak restricted)
rElec    .         Spirit   .   (no amulet)
rCorr    .         Reflect  .   (no ring)
MR       .....                  (no ring)
Stlth    +++.......             (no ring)
HPRegen  0.13/turn              (no ring)
MPRegen  0.10/turn              (no ring)
                                (no ring)
                                (no ring)
                                (no ring)

@: no status effects
A: almost no armour, stealthy swim, resist paralysis, amphibious, 8 rings,
constrict 8, camouflage 1, gelatinous body 1
a: no special abilities


You were on level 2 of the Dungeon.
You were not hungry.

You visited 1 branch of the dungeon, and saw 2 of its levels.

You collected 226 gold pieces.

Inventory:

Hand Weapons
 i - a +0 dagger (weapon)
Scrolls
 a - a scroll of enchant weapon {unknown}
 d - a scroll of revelation {unknown}
 g - a scroll of fog {unknown}
Potions
 b - a potion of berserk rage
 c - a potion of degeneration
 f - a potion of resistance {unknown}
Comestibles
 e - 3 rations {!d}
 h - 2 chunks of flesh


   Skills:
 + Level 2.2 Dodging
 + Level 3.1 Stealth
 + Level 0.2 Unarmed Combat
 + Level 2.5 Spellcasting
 + Level 1.1 Conjurations
 + Level 4.8 Poison Magic


You had 6 spell levels left.
You knew the following spells:

 Your Spells              Type           Power        Failure   Level  Hunger
a - Sting                 Conj/Pois      ##..         5%          1    None

Your spell library contained the following spells:

 Spells                   Type           Power        Failure   Level  Hunger
 Poisonous Vapours        Pois/Air       ##....       11%         2    ##.....
 Olgreb's Toxic Radiance  Pois           ###......    26%         4    ######.
 Ignite Poison            Fire/Tmut/Pois #.......     28%         3    ####...
 Summon Scorpions         Summ/Pois      ##......     56%         4    ######.
 Venom Bolt               Conj/Pois      ##........   83%         5    #######


Dungeon Overview and Level Annotations

Branches:
Dungeon (2/12)

Altars:

Annotations:
D:2 Sigmund


Innate Abilities, Weirdness & Mutations

You cannot wear most types of armour.
You are very stealthy in the water. (Stealth+)
Your unusual nervous system resists paralysis.
You are amphibious.
You can wear up to eight rings at the same time.
You can use your tentacles to constrict eight enemies at once.
Your skin changes colour to match your surroundings (Stealth+).
Your rubbery body absorbs attacks. (AC +1, EV +1)


Message History

The sting hits the leopard gecko.
The leopard gecko looks more poisoned.
You kill the leopard gecko!
Sigmund shouts!
Sigmund zaps a wand.
You are blasted!
Ouch! That really hurt!
Casting: Sting (safe; 5% risk of failure)
Confirm with . or Enter, or press ? or * to list all spells.
Aiming: Sting (safe; 5% risk of failure)
Press: ? - help, Shift-Dir - straight line, f/p - Sigmund
Aim: Sigmund, wielding a +0 scythe, wearing a +0 robe and carrying a wand of disintegration (17)
The sting misses Sigmund.
Casting: Sting (safe; 5% risk of failure)
Confirm with . or Enter, or press ? or * to list all spells.
Aiming: Sting (safe; 5% risk of failure)
Press: ? - help, Shift-Dir - straight line, f/p - Sigmund
Aim: Sigmund, wielding a +0 scythe, wearing a +0 robe and carrying a wand of disintegration (17)
The sting hits Sigmund.
Sigmund is poisoned.
Sigmund is lightly wounded.
Sigmund zaps a wand.
You are blasted!
You die...

#..#...........
#.##...........
####............#.
#
#....###........##
###....##.#
###...####
....#####.## ###.#
#.......# .#
#.......# ..
#..@....# #.
...@............
.).#############
..


You could see Sigmund.

Vanquished Creatures
  A worker ant (D:2)
  An adder (D:2)
  A dart slug (D:1)
  A leopard gecko (D:2)
  2 goblins
  A hobgoblin (D:1)
  3 jackals (D:1)
  2 bats (D:1)
  A frilled lizard (D:1)
  2 kobolds
  A rat (D:1)
16 creatures vanquished.

Notes
Turn   | Place    | Note
-------+----------+-------------------------------------------
     0 | D:1      | rumpelstilzz the Octopode Venom Mage began the quest for
                  | the Orb.
     0 | D:1      | Reached XP level 1. HP: 11/11 MP: 3/3
    64 | D:1      | Reached skill level 4 in Poison Magic
    67 | D:1      | Reached XP level 2. HP: 17/17 MP: 0/5
   536 | D:2      | Reached XP level 3. HP: 21/21 MP: 2/6
   643 | D:2      | Noticed Sigmund
   646 | D:2      | Blown up by Sigmund

Skill      XL: |  1 |
---------------+----+-----
Poison Magic   | 4 |  4.8
Dodging        | |  2.2
Stealth        | |  3.1
Unarmed Combat | |  0.2
Spellcasting   | |  2.5
Conjurations   | |  1.1

Action                   || total
-------------------------++-------
Melee: Unarmed           ||    20
       Constrict         ||     5
       Tentacles         ||     4
 Cast: Sting             ||    20
Armor: Skin              ||     3
Dodge: Dodged            ||     9
